 Dungeon Crawl Stone Soup version 0.30-a0-743-gbfdf073431 (webtiles) character file.

Game seed: 13020837551171296432

115895 Bnni the Markstengu (level 16, -9/96 HPs)
             Began as a Tengu Hunter on Feb 6, 2023.
             Was the Champion of Hepliaklqana.
             Mangled by a shadow (21 damage)
             ... on level 4 of the Swamp.
             The game lasted 01:00:03 (23444 turns).

Bnni the Markstengu (Tengu Hunter)                 Turns: 23444, Time: 01:00:04

Health: -9/96      AC: 24    Str: 14    XL:     16   Next: 69%
Magic:  36/36      EV: 20    Int: 16    God:    Hepliaklqana [******]
Gold:   2597       SH:  5    Dex: 24    Spells: 15/15 levels left

rFire   . . .      SeeInvis .    t - +8 sling "Joekheun" {drain, Drain rN++ MP+9 Int+4}
rCold   + . .      Faith    .    (no shield)
rNeg    + + .      Spirit   .    Q - +7 ring mail of Virtue {rC+ Int+3}
rPois   +          Reflect  +    D - +2 hat {Stlth+}
rElec   .          Harm     .    X - +2 cloak {rCorr}
rCorr   +          Rampage  .    L - +0 pair of gloves
Will    +....                    (boots unavailable)
Stlth   +++                      x - amulet of reflection
HPRegen 0.36/turn                e - +4 ring of protection
MPRegen 0.25/turn                P - ring of poison resistance

@: grasped by roots, flying quickly and evasively, constricted, studying
Summonings, quick
A: reduced essence, beak, talons 3, nimble flight
a: Renounce Religion, Recall Ancestor, Ancestor Identity, Transference, Idealise


You were on level 4 of the Swamp.
You worshipped Hepliaklqana.
Hepliaklqana was exalted by your worship.
You visited 4 branches of the dungeon, and saw 26 of its levels.
You also visited: Gauntlet.

You collected 2861 gold pieces.
You spent 264 gold pieces at shops.

Inventory:

Hand Weapons
 c - a +0 arbalest
 t - the +8 sling "Joekheun" (weapon) {drain, Drain rN++ MP+9 Int+4}
   (You found it on level 3 of the Dungeon)

   Int:       It affects your intelligence (+4).
   rN:        It greatly protects you from negative energy.
   MP:        It affects your magic capacity (+9).
   Drain:     It drains your maximum health when unequipped.
 T - a +0 longbow
Missiles
 G - a boomerang of dispersal
 I - 8 curare-tipped darts
 Z - 4 throwing nets
Armour
 p - a +2 buckler of protection
 D - a +2 hat of stealth (worn)
 L - a +0 pair of gloves (worn)
 Q - the +7 ring mail of Virtue (worn) {rC+ Int+3}
   (You took it off a minotaur in a Gauntlet)

   Int:       It affects your intelligence (+3).
   rC:        It protects you from cold.
 U - a +2 kite shield of fire resistance
 X - a +2 cloak of preservation (worn)
Jewellery
 e - a +4 ring of protection (left hand)
 x - an amulet of reflection (around neck)
 y - a ring of ice
 J - a ring of ice
 P - a ring of poison resistance (right hand)
 W - the ring "Udevero" {Will+ Dex+3 SInv}
   (You found it in a Gauntlet)

   [ring of see invisible]

   Dex:       It affects your dexterity (+3).
   SInv:      It lets you see invisible.
   Will:      It increases your willpower.
Wands
 s - a wand of mindburst (17)
 H - a wand of paralysis (14)
 M - a wand of quicksilver (9)
 R - a wand of flame (33)
 V - a wand of iceblast (20)
Scrolls
 a - 6 scrolls of enchant armour
 b - 5 scrolls of immolation
 d - 4 scrolls of amnesia
 g - a scroll of summoning
 h - 13 scrolls of teleportation
 i - 7 scrolls of magic mapping
 j - 4 scrolls of blinking
 n - a scroll of brand weapon {unknown}
 o - 7 scrolls of fear
 q - 4 scrolls of vulnerability
 v - 8 scrolls of fog
 w - 4 scrolls of enchant weapon
 B - a scroll of silence
 N - 3 scrolls of poison
Potions
 f - 3 potions of berserk rage {unknown}
 k - 4 potions of haste
 l - 4 potions of brilliance
 m - 7 potions of heal wounds
 r - 6 potions of mutation
 u - 14 potions of curing
 z - 4 potions of might
 C - 2 potions of cancellation
 E - 3 potions of flight {unknown}
 F - 4 potions of lignification {unknown}
 K - 2 potions of ambrosia
 O - 2 potions of resistance {unknown}
 S - 4 potions of attraction {unknown}
 Y - 2 potions of magic {unknown}


   Skills:
 + Level 14.5 Fighting
 + Level 18.6 Ranged Weapons
 + Level 8.7 Armour
 + Level 11.6 Dodging
 - Level 1.0 Stealth
 * Level 14.1 Invocations


You had 15 spell levels left.
You didn't know any spells.
Your spell library contained the following spells:

 Spells                   Type           Power      Damage    Failure   Level
 Freeze                   Ice            0%         1d3       41%         1
 Kiss of Death            Conj/Necr      0%         2d5       41%         1
 Magic Dart               Conj           0%         1d3       41%         1
 Slow                     Hex            0%         N/A       41%         1
 Call Imp                 Summ           0%         N/A       56%         2
 Ensorcelled Hibernation  Hex/Ice        0%         N/A       56%         2
 Lesser Beckoning         Tloc           0%         N/A       56%         2
 Passwall                 Tmut/Erth      0%         N/A       56%         2
 Confusing Touch          Hex            0%         N/A       80%         3
 Frozen Ramparts          Ice            0%         1d1       80%         3
 Gell's Gravitas          Tloc           0%         N/A       80%         3
 Hailstorm                Conj/Ice       0%         3d3       80%         3
 Mephitic Cloud           Conj/Pois/Air  0%         N/A       80%         3
 Ozocubu's Armour         Ice            0%         N/A       80%         3
 Swiftness                Air            0%         N/A       80%         3
 Teleport Other           Tloc           0%         N/A       80%         3
 Vampiric Draining        Necr           0%         2d6       80%         3
 Airstrike                Air            0%         2d(0-16)  99%         4
 Animate Armour           Summ/Erth      0%         N/A       99%         4
 Animate Dead             Necr           0%         N/A       99%         4
 Dispel Undead            Necr           0%         3d6       99%         4
 Leda's Liquefaction      Hex/Erth       0%         N/A       99%         4
 Summon Lightning Spire   Summ/Air       0%         N/A       99%         4
 Blade Hands              Tmut           0%         N/A       100%        5
 Borgnjor's Vile Clutch   Necr/Erth      0%         N/A       100%        5
 Lee's Rapid Deconstruct  Erth           0%         3d4*      100%        5
 Lightning Bolt           Conj/Air       0%         1d11      100%        5
 Metabolic Englaciation   Hex/Ice        0%         N/A       100%        5
 Death Channel            Necr           0%         N/A       100%        6
 Iron Shot                Conj/Erth      0%         9d1       100%        6
 Simulacrum               Ice/Necr       0%         N/A       100%        6
 Statue Form              Tmut/Erth      0%         N/A       100%        6


Dungeon Overview and Level Annotations

Branches:
Dungeon (15/15)            Temple (0/1) D:4            Lair (5/5) D:10
  Swamp (4/4) Lair:2        Snake (0/4) Lair:2        Slime (0/5) Lair:5
    Orc (2/2) D:12            Elf (0/3) Orc:2        Vaults (0/5) D:14
 Depths (0/4) D:15        Gauntlet (visited)

Altars:
Cheibriados
Dithmenos
Fedhas
Hepliaklqana
Okawaru
Sif Muna
Trog
Vehumet
Xom
Jiyva

Shops:
D:3 ?   D:11 :   D:14 [   Orc:2 ![[(

Portals:
Abyss: Lair:1
Trove: D:15 (give 2 scrolls of acquirement)

Annotations:
Lair:1 1 transporter, anet's ghost, journeyman GrCj
Swamp:2 2 transporters, exclusion: orange crystal statue


Innate Abilities, Weirdness & Mutations

Your life essence is reduced to manifest your ancestor. (-10% HP)
You have a beak for a mouth.
You have claws for feet.
Your magical nature lets you fly swiftly and evasively.


Message History

Tankster McGee hits the shambling mangrove with a +0 broad axe of flaming!
Tankster McGee burns the shambling mangrove.
Tankster McGee closely misses the alligator.
Fire: t) +8 sling "Joekheun" {drain, Drain rN++ MP+9 Int+4}
Press: ? - help, Shift-Dir - straight line, f/p - shambling mangrove
Aim: a shambling mangrove (heavily damaged, lightly drained, ally target, 91% to hit)
You shoot a sling bullet.
The sling bullet hits the shambling mangrove but does no damage.
The shambling mangrove is heavily damaged.
The alligator closely misses Tankster McGee.
The alligator tail-slaps Tankster McGee but does no damage.
You block the shambling mangrove's attack.
The grasping roots constrict you.
* * * LOW HITPOINT WARNING * * *
Fire: t) +8 sling "Joekheun" {drain, Drain rN++ MP+9 Int+4}
Press: ? - help, Shift-Dir - straight line, f/p - shambling mangrove
Aim: a shambling mangrove (heavily damaged, lightly drained, 91% to hit)
You shoot a sling bullet.
The sling bullet barely misses the shambling mangrove.
The alligator closely misses Tankster McGee.
The alligator tail-slaps Tankster McGee!
Tankster McGee completely misses the alligator.
Tankster McGee hits the shambling mangrove but does no damage.
The shadow strikes at you from the darkness!
Fire: t) +8 sling "Joekheun" {drain, Drain rN++ MP+9 Int+4}
Press: ? - help, Shift-Dir - straight line, f/p - shambling mangrove
Aim: a shambling mangrove (heavily damaged, lightly drained, 91% to hit)
You shoot a sling bullet.
The sling bullet completely misses the shambling mangrove.
The alligator bites Tankster McGee.
Tankster McGee blocks the alligator's attack.
You block the shambling mangrove's attack.
The grasping roots constrict you!
* * * LOW HITPOINT WARNING * * *
Tankster McGee hits the alligator with a +0 broad axe of flaming!
Tankster McGee burns the alligator.
Tankster McGee hits the shambling mangrove with a +0 broad axe of flaming.
Tankster McGee burns the shambling mangrove.
The shadow strikes at you from the darkness!
You die...

~.♣ ♣♣ ♣♣♣ ♣.#
~~~~♣♣♣~♣♣~♣♣ ♣.~#♣
~~~.~♣~..~.~♣♣♣♣♣♣[~~~#
...~§....~~~~.......~~~#
..♣♣~.~~~~~~~~..~§~.§~#
.<~.~~~~~~~~~..~~~..~#
~...<..~~~~~~~~~~~~..♣
♣....~~(~~~~~@♣
♣.~~.).♣~..~♣♣fR~~§~.
♣.~~..♣♣♣...♣ ♣~t..~.
♣~†~.~♣♣♣.~♣♣ ♣....~
♣♣♣♣♣..~~.♣♣♣♣♣ ♣..†(
~♣♣....§~.♣ ..♣§
.~~††~.♣♣♣♣ ♣♣ .......♣
~~..♣~.♣♣


You could see the friendly Tankster McGee the knight, a shambling mangrove
(drained) and an alligator (swift, distracted, ally target).

Vanquished Creatures
  Rupert (D:13)
  A thorn hunter (Swamp:2)
  Roxanne (Swamp:1)
  An orc warlord (Orc:2)
  An eleionoma (Swamp:4)
  3 bunyips
  A minotaur (Gauntlet)
  The ghost of Loklulaf the Cleaver, a journeyman DgGl (Orc:1)
  An ettin (D:15)
  5 hydras
  Erolcha (D:12)
  Fannar (Lair:3)
  3 centaur warriors (D:15)
  A ghost crab (Swamp:3)
  2 catoblepae (Lair:5)
  2 dancing weapons (D:14)
  3 two-headed ogres
  2 boulder beetles
  A tengu warrior (D:15)
  An alligator (Swamp:1)
  6 death yaks (Lair:5)
  Urug (Lair:3)
  Nergalle (Lair:3)
  4 skeletal warriors (D:11)
  A spriggan druid (Swamp:2)
  2 deep trolls (D:15)
  A swamp dragon (Swamp:1)
  3 bog bodies
  5 deep elf pyromancers
  A necromancer (D:15)
  An orc knight (Orc:2)
  6 ugly things
  3 will-o-the-wisps
  An orc sorcerer (Orc:1)
  A manticore (Lair:5)
  2 cyclopes
  Joseph (D:8)
  4 black mambas
  4 gargoyles
  9 cane toads
  5 torpor snails
  3 rime drakes
  5 komodo dragons
  A kobold demonologist (D:13)
  2 bloated husks (Swamp:2)
  5 trolls
  3 polar bears (Lair:5)
  5 hornets
  11 tyrant leeches
  Prince Ribbit (D:8)
  A dream sheep (Lair:2)
  15 blink frogs
  4 spriggans
  2 wraiths (D:14)
  2 wyverns
  A centaur simulacrum (D:15)
  3 shadows
  49 yaks
  5 basilisks
  A water elemental (D:15)
  2 hogs (Lair:5)
  A steam dragon (D:9)
  5 vampire mosquitoes
  9 swamp worms
  3 nagas (Lair:2)
  2 water moccasins
  25 orc warriors
  A sky beast (D:7)
  4 black bears
  7 ogres
  5 wolves
  5 centaurs
  3 kobold brigands
  15 bullfrogs
  3 scorpions
  3 necrophages
  A gnoll sergeant (D:9)
  11 killer bees
  3 electric eels
  A howler monkey (D:10)
  25 orc priests
  A gnoll bouda (D:6)
  A hound (D:6)
  4 jellies
  4 iguanas
  11 orc wizards
  3 hell rats (Lair:2)
  12 gnolls
  7 river rats (Lair:2)
  8 adders
  A white imp (D:5)
  2 ufetubi
  2 dart slugs
  99 orcs
  6 endoplasms
  3 giant cockroaches (D:4)
  5 goblins
  9 hobgoblins
  3 jackals (D:2)
  13 kobolds
  2 quokkas
  7 ball pythons
  4 bats
  7 rats
  A butterfly (Lair:1)
563 creatures vanquished.

Vanquished Creatures (collateral kills)
  Frances (D:12)
  Kirke (Lair:5)
  An orc warlord (Orc:1)
  A bunyip (Swamp:4)
  A shambling mangrove (Swamp:2)
  Josephine (D:14)
  Harold (Orc:1)
  5 hydras
  2 boulder beetles
  A catoblepas (Lair:5)
  Erica (D:8)
  A ghost crab (Swamp:4)
  2 alligators
  3 death yaks (Lair:5)
  A two-headed ogre (D:12)
  A hell hog (Lair:1)
  6 spriggans
  Sonja (D:13)
  A swamp dragon (Swamp:3)
  A death drake (Swamp:2)
  A wizard (D:15)
  A bog body (Swamp:1)
  A wolf spider (D:12)
  An orc sorcerer (Orc:2)
  4 manticores
  3 ugly things
  3 elephants (Lair:5)
  A torpor snail (Lair:4)
  An orange demon (Swamp:4)
  4 cane toads
  A tengu conjurer (D:14)
  2 komodo dragons
  A troll (D:13)
  7 hornets
  2 tyrant leeches (Swamp:1)
  3 blink frogs
  A hog (Lair:5)
  2 vampires (D:13)
  34 yaks
  A water elemental (D:15)
  A wyvern (Lair:5)
  2 wraiths (D:14)
  A basilisk (Lair:5)
  3 vampire mosquitoes
  A swamp worm (Swamp:2)
  A water moccasin (Lair:4)
  9 orc warriors
  A wolf (Lair:3)
  4 centaurs
  A gnoll sergeant (D:9)
  2 killer bees
  3 jellies (Lair:5)
  6 orc priests
  A hell rat (Lair:2)
  6 orc wizards
  A gnoll (D:9)
  2 river rats (Lair:2)
  29 orcs
  A rat (Lair:2)
  3 butterflies (Lair:4)
185 creatures vanquished.

Vanquished Creatures (others)
  An alligator (Swamp:3)
  A spriggan druid (Swamp:3)
  2 humans (Lair:5)
  A jelly (Lair:5)
  18 knights
  23 demonic plants (Gauntlet)
  6 foxfires (Swamp:2)
  47 fungi
  74 plants
173 creatures vanquished.

Grand Total: 921 creatures vanquished

Notes
Turn   | Place    | Note
-------+----------+-------------------------------------------
     0 | D:1      | Bnni the Tengu Hunter began the quest for the Orb.
     0 | D:1      | Reached XP level 1. HP: 12/12 MP: 2/2
   210 | D:1      | Reached XP level 2. HP: 17/17 MP: 3/3
   996 | D:2      | Reached skill level 5 in Ranged Weapons
   996 | D:2      | Reached XP level 3. HP: 22/22 MP: 4/4
  1125 | D:2      | Found a bloodstained altar of Trog.
  1470 | D:2      | Reached XP level 4. HP: 27/27 MP: 5/5
  1633 | D:3      | Identified the +8 sling "Joekheun" {drain, Drain rN++ MP+9
                  | Int+4}
  2023 | D:3      | Found Dikhluebb's Magic Scroll Boutique.
  2191 | D:4      | Reached skill level 6 in Ranged Weapons
  2191 | D:4      | Noticed a necrophage
  2197 | D:4      | Killed a necrophage
  2198 | D:4      | Gained mutation: Your magical nature lets you fly swiftly
                  | and evasively. [Tengu growth]
  2198 | D:4      | Reached XP level 5. HP: 32/32 MP: 6/6
  2680 | D:4      | Reached skill level 7 in Ranged Weapons
  2680 | D:4      | Reached XP level 6. HP: 38/38 MP: 7/7
  2949 | D:4      | Found a hazy altar of Hepliaklqana.
  2956 | D:4      | Became a worshipper of Hepliaklqana the Forgotten
  3054 | D:4      | Found a shadowy altar of Dithmenos.
  3167 | D:4      | Found a staircase to the Ecumenical Temple.
  3198 | D:4      | You are sucked into a shaft and drop 1 floor!
  3198 | D:5      | Entered Level 5 of the Dungeon
  3263 | D:5      | Noticed a black bear
  3266 | D:5      | Killed a black bear
  3308 | D:5      | Reached XP level 7. HP: 44/44 MP: 8/8
  3350 | D:5      | Reached skill level 8 in Ranged Weapons
  3630 | D:5      | Reached skill level 5 in Fighting
  3688 | D:5      | Reached skill level 9 in Ranged Weapons
  3863 | D:6      | Reached XP level 8. HP: 49/49 MP: 9/9
  4057 | D:6      | Reached skill level 10 in Ranged Weapons
  4368 | D:7      | Reached * piety under Hepliaklqana
  4406 | D:7      | Found a blossoming altar of Fedhas.
  4429 | D:7      | Reached XP level 9. HP: 22/50 MP: 10/10
  4481 | D:7      | Reached skill level 11 in Ranged Weapons
  4798 | D:7      | Found a radiant altar of Vehumet.
  4820 | D:7      | Reached ** piety under Hepliaklqana
  4821 | D:7      | Remembered your ancestor Tankster McGee as a knight
  4911 | D:7      | Found a shimmering blue altar of Sif Muna.
  5195 | D:7      | Reached skill level 12 in Ranged Weapons
  5544 | D:8      | Found a shimmering altar of Xom.
  5546 | D:8      | Noticed a two-headed ogre
  5550 | D:8      | Noticed Joseph
  5553 | D:8      | Killed a two-headed ogre
  5564 | D:8      | Killed Joseph
  5565 | D:8      | Reached skill level 13 in Ranged Weapons
  5565 | D:8      | Reached XP level 10. HP: 36/57 MP: 11/11
  5754 | D:8      | Noticed Erica
  5758 | D:8      | Killed Erica
  5879 | D:8      | Reached *** piety under Hepliaklqana
  6004 | D:8      | Reached skill level 14 in Ranged Weapons
  6004 | D:8      | Reached skill level 1 in Invocations
  6110 | D:8      | Noticed Prince Ribbit
  6119 | D:8      | Killed Prince Ribbit
  6412 | D:9      | Identified the +3 trident "Edong" {heavy, rF+ rC+}
  6478 | D:9      | Reached XP level 11. HP: 63/63 MP: 14/14
  6735 | D:9      | Reached skill level 15 in Ranged Weapons
  6997 | D:10     | Entered Level 10 of the Dungeon
  7111 | D:10     | Noticed a two-headed ogre
  7116 | D:10     | Killed a two-headed ogre
  7163 | D:10     | Found an iron altar of Okawaru.
  7190 | D:10     | Reached skill level 10 in Fighting
  7290 | D:10     | Found a staircase to the Lair.
  7625 | D:11     | Found Pangecle's Book Boutique.
  7670 | D:11     | Reached **** piety under Hepliaklqana
  7778 | D:11     | Noticed a skeletal warrior
  7780 | D:11     | Noticed a skeletal warrior
  7791 | D:11     | Killed a skeletal warrior
  7859 | D:11     | Killed a skeletal warrior
  7958 | D:11     | Noticed a skeletal warrior
  7993 | D:11     | Killed a skeletal warrior
  8016 | D:11     | Noticed a skeletal warrior
  8269 | D:11     | Noticed a boulder beetle
  8285 | D:11     | Killed a boulder beetle
  8399 | D:11     | Noticed a manticore
  8412 | D:11     | Killed a manticore
  8413 | D:11     | Reached skill level 16 in Ranged Weapons
  8436 | D:11     | Noticed a boulder beetle
  8479 | D:10     | Killed a boulder beetle
  8480 | D:10     | Reached skill level 5 in Invocations
  9135 | D:11     | Killed a skeletal warrior
  9167 | D:12     | Reached skill level 1 in Armour
  9177 | D:12     | Found a staircase to the Orcish Mines.
  9178 | D:12     | Noticed a two-headed ogre
  9183 | D:12     | Killed a two-headed ogre
  9184 | D:12     | Reached XP level 12. HP: 71/71 MP: 16/16
  9191 | D:12     | Noticed Frances
  9193 | D:12     | Noticed a soul eater
  9355 | D:12     | Killed Frances
  9446 | D:12     | Noticed Erolcha
  9454 | D:12     | Killed Erolcha
 10054 | D:13     | Noticed a two-headed ogre
 10059 | D:13     | Killed a two-headed ogre
 10200 | D:13     | Noticed Rupert
 10220 | D:13     | Noticed a five-headed hydra
 10222 | D:13     | Paralysed by Rupert for 5 turns
 10232 | D:13     | Killed a five-headed hydra
 10233 | D:13     | Killed Rupert
 10236 | D:13     | Noticed Sonja
 10238 | D:13     | Killed Sonja
 10361 | D:13     | Reached skill level 5 in Dodging
 10701 | D:13     | Reached skill level 17 in Ranged Weapons
 10748 | D:13     | Reached XP level 13. HP: 75/75 MP: 19/19
 11047 | D:14     | Found a gate to the Vaults.
 11054 | D:14     | Reached skill level 5 in Armour
 11396 | D:14     | Found Xiesy's Armour Shoppe.
 11539 | D:14     | Noticed Josephine
 11552 | D:14     | Killed Josephine
 11651 | D:15     | Entered Level 15 of the Dungeon
 11731 | D:15     | Found a staircase to the Depths.
 11731 | D:15     | Noticed an ettin
 11750 | D:15     | Killed an ettin
 12201 | D:15     | Reached skill level 18 in Ranged Weapons
 12765 | D:15     | Found a portal to a secret trove of treasure.
 13013 | Lair:1   | Entered Level 1 of the Lair of Beasts
 13013 | Lair:1   | Reached ***** piety under Hepliaklqana
 13033 | Lair:1   | Found a gate leading to a gauntlet.
 13041 | Gauntlet | Entered a Gauntlet
 13041 | Gauntlet | Found a transporter.
 13041 | Gauntlet | Found a transporter.
 13071 | Gauntlet | Found a transporter.
 13074 | Gauntlet | Found a transporter.
 13074 | Gauntlet | Found a transporter.
 13088 | Gauntlet | Found a transporter.
 13109 | Gauntlet | Found a transporter.
 13129 | Gauntlet | Found a transporter.
 13151 | Gauntlet | Found a transporter.
 13157 | Gauntlet | Found a transporter.
 13175 | Gauntlet | Found a transporter.
 13227 | Gauntlet | Found a transporter.
 13379 | Gauntlet | Identified the ring "Udevero" {Will+ Dex+3 SInv}
 13507 | Gauntlet | Identified the +7 ring mail of Virtue {rC+ Int+3}
 13507 | Gauntlet | Noticed a minotaur
 13526 | Gauntlet | Killed a minotaur
 13527 | Gauntlet | Reached XP level 14. HP: 82/82 MP: 22/22
 13661 | Lair:1   | Found a transporter.
 13758 | Lair:1   | Found a snail-covered altar of Cheibriados.
 13811 | Lair:1   | Found a transporter.
 14002 | Lair:1   | Noticed anet's ghost (journeyman GrCj)
 14012 | Lair:1   | Found a one-way gate to the infinite horrors of the Abyss.
 14625 | Lair:1   | Reached skill level 10 in Invocations
 14872 | Lair:2   | Found a staircase to the Swamp.
 15209 | Lair:2   | Found a staircase to the Snake Pit.
 15908 | Lair:3   | Noticed Nergalle
 15914 | Lair:3   | Noticed Fannar
 15916 | Lair:3   | Killed Nergalle
 15940 | Lair:3   | Killed Fannar
 16224 | Lair:3   | Noticed Urug
 16241 | Lair:3   | Killed Urug
 17187 | Lair:4   | Reached XP level 15. HP: 87/88 MP: 24/24
 17379 | Lair:5   | Entered Level 5 of the Lair of Beasts
 17381 | Lair:5   | Reached ****** piety under Hepliaklqana
 17691 | Lair:5   | Noticed Kirke
 17707 | Lair:5   | Killed Kirke
 17752 | Lair:5   | Found a viscous altar of Jiyva.
 17756 | Lair:5   | Found a staircase to the Slime Pits.
 17855 | Lair:5   | Reached skill level 10 in Dodging
 18823 | Orc:1    | Entered Level 1 of the Orcish Mines
 18962 | Orc:1    | Noticed Harold
 18972 | Orc:1    | Killed Harold
 18995 | Orc:1    | Noticed an orc warlord
 19019 | Orc:1    | Killed an orc warlord
 19166 | Orc:1    | Noticed Loklulaf's ghost (journeyman DgGl)
 19168 | Orc:1    | Found a runed translucent door.
 19252 | Orc:1    | Killed Loklulaf's ghost
 19723 | Orc:2    | Entered Level 2 of the Orcish Mines
 19723 | Orc:2    | Found a staircase to the Elven Halls.
 19966 | Orc:2    | Found Rynganuo's Distillery.
 20536 | Orc:2    | Found Tyon's Armour Emporium.
 20645 | Orc:2    | Found Kafauwin's Antique Weapon Emporium.
 20647 | Orc:2    | Found Xainocw's Antique Armour Shoppe.
 20654 | Orc:2    | Bought a shiny orb for 264 gold pieces
 20762 | Orc:2    | Noticed an orc warlord
 20776 | Orc:2    | Killed an orc warlord
 21031 | Swamp:1  | Entered Level 1 of the Swamp
 21049 | Swamp:1  | You are sucked into a shaft and drop 1 floor!
 21076 | Swamp:2  | Reached XP level 16. HP: 90/95 MP: 26/26
 21399 | Swamp:2  | Noticed a thorn hunter
 21409 | Swamp:2  | Killed a thorn hunter
 21414 | Swamp:2  | Found a radiant altar of Vehumet.
 21812 | Swamp:1  | Noticed Roxanne
 21864 | Swamp:1  | Killed Roxanne
 22187 | Swamp:2  | Noticed a tentacled monstrosity
 22189 | Swamp:2  | Noticed a fenstrider witch
 22190 | Swamp:2  | Found a transporter.
 22190 | Swamp:2  | Found a transporter.
 22190 | Swamp:2  | Noticed a thorn hunter
 22191 | Swamp:2  | Noticed a tentacled monstrosity
 23235 | Swamp:4  | Entered Level 4 of the Swamp
 23411 | Swamp:4  | Identified the +7 scimitar "Xicwa" {spect, rCorr}
 23444 | Swamp:4  | Mangled by a shadow

Illustrated notes

Levels and vault maps discovered:
D:1:      minmay_arrival_floating_metal, layout_basic, bh_walls_and_bars
D:2:      layout_basic, basic_altar
D:3:      layout_rooms, serial_shops, nicolae_shop_advertising_works
          [nicolae_subvault_shop_adworks], minmay_fractal_squares_diagonal_5
D:4:      layout_loops_corners, grunt_dithmenos_smoke_and_mirrors,
          worldfamousw_hep_ancestral_shrine, minmay_temple_entry_enclosed_plants
D:5:      layout_basic
D:6:      layout_rooms
D:7:      layout_gridville, nicolae_sif_muna_little_library,
          amcnicky_altar_gilded, fiery_altar_vehumet
D:8:      layout_gridville, nicolae_overflow_crystal_walls, uniq_prince_ribbit1,
          uniq_joseph, uniq_erica
D:9:      layout_loops_ring
D:10:     layout_rooms, mainiacjoe_overflow_paths, david_lair_shrubbed,
          minmay_misc_feat_pillars
D:11:     hellmonk_ruined_rings, layout_basic, serial_shops,
          nicolae_shop_competitors_out_of_business
D:12:     layout_basic, minmay_orc_entry_temple_small,
          kennysheep_generic_room_7, uniq_erolcha, uniq_frances
D:13:     layout_long_grid, minmay_stone_trees_medium, minmay_misc_feat_roman,
          uniq_sonja, uniq_rupert
D:14:     layout_roguey, erik_vaults_1, serial_shops, nicolae_shop_crystal,
          minivault_24, uniq_josephine
D:15:     hangedman_depths_entry_civil_slaughter, layout_basic, enter_trove_0,
          chequers_big_river
Lair:1:   layout_cave_pods, gauntlet_entry_generic,
          gammafunk_ghost_abyssal_escape, kennysheep_snail_temple,
          lemuel_fruit_tree, grunt_megastairs_2, serial_bayou_shore_a,
          infiniplex_staircase_pool, lemuel_fruit_fields
Lair:2:   layout_roguey, minmay_swamp_entry_wisps, nicolae_snake_entry_squirm,
          kennysheep_abandoned_house, grunt_megastairs_5
Lair:3:   layout_long_grid, uniq_urug, uniq_nergalle, uniq_fannar
Lair:4:   layout_long_grid, lemuel_fruit_fields
Lair:5:   evilmike_catoblepas_cave, layout_long_grid,
          nicolae_slime_entry_field_trip, serial_bayou_shore_b,
          infiniplex_staircase_pool_2, grunt_megastairs_4, uniq_kirke
Swamp:1:  layout_basic_swamp, evilmike_swamp_ruin_house_2, swamp_pool1,
          nicolae_swamp_some_circles, uniq_roxanne
Swamp:2:  gammafunk_sealed_arena, layout_basic_swamp, basic_altar
Swamp:3:  layout_basic_swamp, serial_swamp_ruin, evilmike_swamp_ruin_rubble_2,
          evilmike_swamp_ruin_house_5, hangedman_swamp_ruin_wall, swamp_pool2
Swamp:4:  swamp_vile, layout_basic_swamp, swamp_pool1
Orc:1:    layout_caves, hellmonk_ghost_happy_afterlife, uniq_harold
Orc:2:    grunt_orc_community_town_hall, layout_caves,
          grunt_orc_community_big_house_1, grunt_orc_community_big_house_2,
          grunt_orc_community_house_3, grunt_orc_community_house_1,
          grunt_orc_community_house_1, grunt_orc_community_house_1,
          grunt_orc_community_house_3

Skill      XL: |  1  2  3  4  5  6  7  8  9 10 11 12 13 14 15 16 |
---------------+-------------------------------------------------+-----
Ranged Weapons | 5 6 7 9 10 13 14 16 17 18 | 18.6
Fighting       | 3 4 5 6 8 9 10 11 12 13 14 | 14.5
Invocations    | 2 5 7 9 11 13 14 | 14.1
Armour         | 1 4 5 7 8 |  8.7
Dodging        | 5 7 9 10 11 | 11.6
Stealth        | |  1.0

Action                     |  1- 3 |  4- 6 |  7- 9 | 10-12 | 13-15 | 16-18 || total
---------------------------+-------+-------+-------+-------+-------+-------++-------
   Fire: Shortbow          |    57 |    24 |       |       |       |       ||    81
         Sling             |       |    78 |   200 |   538 |  1428 |   456 ||  2700
  Throw: Dart              |       |       |       |     7 |     4 |       ||    11
         Throwing net      |       |       |       |     1 |       |       ||     1
 Invoke: Ancestor Identity |       |       |     1 |       |       |       ||     1
         Recall Ancestor   |       |       |     1 |     4 |     9 |     2 ||    16
         Ancestor Life: Kn |       |       |     1 |       |       |       ||     1
         Transference      |       |       |       |     2 |     4 |       ||     6
         Idealise          |       |       |       |       |     1 |       ||     1
  Evoke: Wand              |       |       |       |     2 |       |       ||     2
    Use: Scroll            |       |       |     6 |     8 |     9 |     1 ||    24
 Armour: Leather armour    |     9 |     7 |    17 |     7 |       |       ||    40
         Acid dragon scale |       |       |       |     3 |    14 |       ||    17
         Ring mail         |       |       |       |       |    70 |    34 ||   104
  Dodge: Dodged            |    12 |    10 |    35 |    47 |   230 |    63 ||   397
  Block: Other             |       |       |     9 |    15 |    72 |    19 ||   115
         Reflection        |       |       |     2 |     3 |    12 |       ||    17

Table legend: (Time is in decaauts)
 A = Elapsed time spent in this place.
 B = Non-inter-level travel time spent in this place.
 C = Inter-level travel time spent in this place.
 D = Time resting spent in this place.
 E = Time spent auto-exploring this place.
 F = Levels seen in this place.
 G = Mean time per level.
                   A        B        C        D        E       F      G
               +--------+--------+--------+--------+--------+-----+--------+
         Total |  21575 |  20385 |   1190 |   1532 |  15036 |  27 |  799.1 |
       Dungeon |  12245 |  11413 |    832 |    924 |   8753 |  15 |  816.3 |
          Lair |   4750 |   4529 |    221 |    163 |   3431 |   5 |  950.0 |
         Swamp |   2197 |   2123 |     74 |    302 |   1252 |   4 |  549.2 |
  Orcish Mines |   1895 |   1833 |     62 |      0 |   1432 |   2 |  947.5 |
      Gauntlet |    485 |    485 |      0 |    142 |    166 |   1 |  485.0 |
               +--------+--------+--------+--------+--------+-----+--------+

Top non-repeatable levels by time:
    D:11: 1229 daAuts
  Lair:1: 1187 daAuts
  Lair:5: 1185 daAuts
    D:15: 1164 daAuts
     D:1: 1084 daAuts
   Orc:2: 1068 daAuts
  Lair:3: 974 daAuts
    D:13: 877 daAuts
     D:7: 871 daAuts
    D:10: 867 daAuts
   Orc:1: 827 daAuts
     D:8: 808 daAuts
    D:12: 805 daAuts
     D:4: 801 daAuts
  Lair:2: 753 daAuts
